 Dungeon Crawl Stone Soup version 0.29.0-4-gdea44cf6ec (webtiles) character file.

Game seed: 5474616377342888650

93 qw the Chopper (level 4, -4/26 HPs)
             Began as a Tengu Warper on Aug 28, 2022.
             Slain by an ogre
             ... wielding a +0 giant club
              (21 damage)
             ... on level 3 of the Dungeon.
             The game lasted 00:00:16 (2275 turns).

qw the Chopper (Tengu Warper)                       Turns: 2275, Time: 00:00:16

Health: -4/26      AC:  9    Str: 11 (13) XL:     4   Next: 61%
Magic:  8/8        EV:  5    Int: 13      God:
Gold:   128        SH:  0    Dex: 14      Spells: 7/7 levels left

rFire   . . .      SeeInvis .   Y - +2 war axe (elec)
rCold   . . .      Faith    .   (no shield)
rNeg    . . .      Spirit   .   f - +0 chain mail
rPois   .          Reflect  .   (helmet restricted)
rElec   .          Harm     .   j - +0 cloak
rCorr   .          Rampage  .   (no gloves)
Will    .....                   (boots unavailable)
Stlth   ..........              (no amulet)
HPRegen 0.08/turn               (no ring)
MPRegen 0.11/turn               (no ring)

@: no status effects
A: beak, talons 3
a: no special abilities


You were on level 3 of the Dungeon.
You visited 1 branch of the dungeon, and saw 3 of its levels.

You collected 128 gold pieces.


Innate Abilities, Weirdness & Mutations

You have a beak for a mouth.
You have claws for feet.


   Skills:
 - Level 2.0 Fighting
 - Level 5.0 Axes
 - Level 1.0 Throwing
 + Level 1.6 Armour
 - Level 2.1 Dodging
 - Level 2.0 Spellcasting
 - Level 2.4 Translocations


You had 7 spell levels left.
You didn't know any spells.
Your spell library contained the following spells:

 Spells                   Type           Power      Damage    Failure   Level
 Blink                    Tloc           14%        N/A       100%        2
 Gell's Gravitas          Tloc           7%         N/A       100%        3
 Lesser Beckoning         Tloc           7%         N/A       100%        3
 Teleport Other           Tloc           7%         N/A       100%        3
 Manifold Assault         Tloc           7%         N/A       100%        5

Inventory:

Hand Weapons
 h - a +0 flail
 Y - a +2 war axe of electrocution (weapon)
Armour
 f - a +0 chain mail (worn)
 j - a +0 cloak (worn)
Scrolls
 b - a scroll of vulnerability {unknown}
 d - 2 scrolls of teleportation
Potions
 a - a potion of heal wounds
 c - a potion of might {unknown}
 e - 2 potions of curing
 g - a potion of berserk rage {unknown}
 i - a potion of cancellation {unknown}

Dungeon Overview and Level Annotations

Branches:
Dungeon (3/15)

Altars:
Kikubaaqudgha
Wu Jian

Annotations:
D:1 2 transporters
D:2 1 runed translucent door, Crazy Yiuf


Message History

You slash the hobgoblin!
You kill the hobgoblin!
You see here a hobgoblin corpse.
Found a stone staircase leading down.
There is a stone staircase leading down here.
You see here a hobgoblin corpse.
You open the door.
An ogre and 8 goblins come into view.
The goblin shouts! x4; The ogre shouts!
The goblin shouts!
Found 7 large rocks.
You slash the goblin!
You kill the goblin!
The goblin hits you but does no damage.
You slash the goblin!
You kill the goblin!
The goblin unwields a +0 club.
The goblin wields a +0 sling.
The goblin shoots a sling bullet.
The sling bullet hits you but does no damage.
You feel your dexterity returning.
You closely miss the goblin. Your kick misses the goblin.
The goblin hits you with a +0 club.
You closely miss the goblin. You claw the goblin.
The goblin is heavily wounded.
The goblin hits you with a +0 club.
You slash the goblin! Lightning courses through the goblin!
You kill the goblin!
The goblin hits you with a +0 dagger.
You completely miss the goblin. Your kick misses the goblin.
You peck the goblin.
The goblin is severely wounded.
The goblin hits you but does no damage.
You slash the goblin!
You kill the goblin!
You slash the goblin!
You kill the goblin!
You slash the ogre! You claw the ogre. You peck the ogre.
The ogre is moderately wounded.
The ogre hits you with a +0 giant club!!
Ouch! That really hurt!
You die...

#....# # #####....##### #.
#............# ..#
#............#
...######............#########
...'.................+......>#
...######........###########.#
### #.....####g(.# #.#
#.....#.@Og..# ##.#
#.....#.##g..# #..#
######)..##### #..# . #....#
#..#### . #....# #......
#######(...### #.##### #.
#............# ###.# .##
#..........#.#####...##### ..#
#..........#.#....%.......


You could see an ogre and 3 goblins.

Vanquished Creatures
  A gnoll (D:1)
  2 adders
  2 worms
  A dart slug (D:2)
  4 endoplasms
  3 giant cockroaches (D:1)
  10 goblins
  3 hobgoblins
  4 jackals (D:3)
  8 kobolds
  4 ball pythons
  6 bats
  3 frilled lizards (D:1)
  5 rats
56 creatures vanquished.

Notes
Turn   | Place    | Note
-------+----------+-------------------------------------------
     0 | D:1      | qw the Tengu Warper began the quest for the Orb.
     0 | D:1      | Reached XP level 1. HP: 12/12 MP: 4/4
     0 | D:1      | 0 ||| qw: Version: 0.1-a-89-g26bdef1
     0 | D:1      | 0 ||| qw: Game counter: 465
     0 | D:1      | 0 ||| qw: Always use a shield: true
     0 | D:1      | 0 ||| qw: God list: Okawaru
     0 | D:1      | 0 ||| qw: Allow faded altars: false
     0 | D:1      | 0 ||| qw: Do Orc after D:15 true
     0 | D:1      | 0 ||| qw: Do second Lair branch before Depths: true
     0 | D:1      | 0 ||| qw: Lair rune preference: random
     0 | D:1      | 0 ||| qw: Plans: Normal
     0 | D:1      | 0 ||| PLANNING D:1-11
   189 | D:1      | Reached skill level 3 in Axes
   189 | D:1      | Reached XP level 2. HP: 17/17 MP: 6/6
   418 | D:1      | Reached XP level 3. HP: 19/21 MP: 7/7
   502 | D:1      | 502 ||| DROPPING +0 whip.
   669 | D:1      | Reached skill level 4 in Axes
   819 | D:1      | 819 ||| READING scroll labelled QIAMNI PUMU.
   820 | D:1      | 820 ||| READING scroll labelled JAPPER PIMIUTE.
   824 | D:1      | 824 ||| READING scroll labelled UJIUCL VURU.
   825 | D:1      | 825 ||| READING scroll labelled ZAMI OGEMULOESHI.
   825 | D:1      | Identified a scroll of acquirement
   825 | D:1      | 825 ||| ACQUIRING +2 war axe of electrocution
   825 | D:1      | Acquired a +2 war axe of electrocution
   827 | D:1      | 827 ||| SWAPPING to +2 war axe of electrocution.
   828 | D:1      | 828 ||| DROPPING +0 hand axe.
   829 | D:1      | 829 ||| READING scroll labelled FAIM AHOEKHLOCW.
   830 | D:1      | 830 ||| DRINKING 2 viscous brown potions.
   831 | D:1      | 831 ||| DRINKING 2 black potions.
   832 | D:1      | 832 ||| DROPPING scroll of blinking.
   833 | D:1      | 833 ||| DROPPING potion of degeneration.
   925 | D:2      | 925 ||| Stepping ~*~*~tactically~*~*~ (hiding).
   928 | D:2      | 928 ||| Stepping ~*~*~tactically~*~*~ (hiding).
   977 | D:2      | Found an ornate altar of the Wu Jian Council.
  1210 | D:2      | Found a faded altar of an unknown god.
  1437 | D:2      | 1437 ||| Stepping ~*~*~tactically~*~*~ (stealth).
  1440 | D:2      | 1440 ||| Stepping ~*~*~tactically~*~*~ (stealth).
  1441 | D:2      | 1441 ||| Stepping ~*~*~tactically~*~*~ (stealth).
  1468 | D:2      | Reached XP level 4. HP: 9/26 MP: 8/8
  1468 | D:2      | 1468 ||| DRINKING 2 potions of curing.
  1468 | D:2      | 1468 ||| (to cure poison)
  1675 | D:2      | Found a runed translucent door.
  1676 | D:2      | Noticed Crazy Yiuf
  1872 | D:2      | 1872 ||| UPGRADING to +0 chain mail.
  1882 | D:2      | 1882 ||| DROPPING +0 leather armour.
  1883 | D:2      | 1883 ||| UPGRADING to +0 cloak.
  1888 | D:2      | 1888 ||| DROPPING ring of wizardry.
  1889 | D:2      | 1889 ||| READING scroll labelled EGAIPNYORPH.
  1890 | D:2      | 1890 ||| DRINKING 2 golden potions.
  2040 | D:3      | Found an ancient bone altar of Kikubaaqudgha.
  2040 | D:3      | Identified the +3 robe "Ynye" {rF+ rC+ Int+5 Stlth-}
  2053 | D:3      | Reached skill level 5 in Axes
  2091 | D:3      | 2091 ||| Stepping ~*~*~tactically~*~*~ (stealth).
  2266 | D:3      | Noticed an ogre
  2275 | D:3      | Slain by an ogre

Levels and vault maps discovered:
D:1:      spicycebolla_arrival_transporter_tutorial, layout_basic,
          minmay_distorted
D:2:      layout_loops_cross, basic_altar, ebering_ecumenical_altar_hall,
          minmay_crystal_room, uniq_crazy_yiuf_cottage
D:3:      layout_basic, lemuel_round_altar, lemuel_tele_altar, serial_curves,
          eino_curves_01, eino_curves_02, minmay_ogre_servants

Skill      XL: |  1  2  3  4 |
---------------+-------------+-----
Axes           | 3 4 5 |  5.0
Fighting       | |  2.0
Throwing       | |  1.0
Armour         | |  1.6
Dodging        | |  2.1
Spellcasting   | |  2.0
Translocations | |  2.4

Action                   |  1- 3 |  4- 6 || total
-------------------------+-------+-------++-------
Melee: Hand axe          |    45 |       ||    45
       Kick              |    19 |     7 ||    26
       Peck              |     9 |     4 ||    13
       War axe           |    32 |    35 ||    67
       Punch             |     1 |       ||     1
Throw: Boomerang         |     7 |       ||     7
  Use: Scroll            |     5 |     1 ||     6
       Potion            |     2 |     2 ||     4
Armor: Leather armour    |    25 |       ||    25
       Chain mail        |       |    16 ||    16
Dodge: Dodged            |    57 |     6 ||    63

Table legend:
 A = Non-vault XP
 B = Vault XP
 C = Vault XP percentage of total XP
 D = Non-vault monster count
 E = Vault monster count
 F = Vault count percentage of total count
                 A         B        C        D         E       F
            +---------+---------+-------+---------+---------+-------
      Total |     118 |      15 |  11.3 |      47 |       9 |  16.1
            +---------+---------+-------+---------+---------+-------
        D:1 |      41 |       5 |  10.9 |      19 |       4 |  17.4
        D:2 |      42 |       0 |   0.0 |      15 |       0 |   0.0
        D:3 |      35 |      10 |  22.2 |      13 |       5 |  27.8
            +---------+---------+-------+---------+---------+-------
